Map: Para Site LE

Players

IIIIIIIIIIII

  • Race: Zerg Zerg
  • League: Diamond
  • Spawn Location: 5:00

warchief - Winner!

  • Race: Protoss Protoss
  • League: Platinum
  • Spawn Location: 11:00

VOD

Have the link to the VOD?

Description

Time

  • Played on: Aug. 30, 2018, 8:34 a.m.
  • Length: 17:12
Show
View Real Time Build Order
Export as new Build Order

IIIIIIIIIIII Zerg 

Build Orders: Hatch First, Lurkers 

Get SALT Encoding   

  12  0:02  Drone  
  13  0:11  Drone  
  14  0:16  Overlord  
  14  0:22  Extractor  
  14  0:23  Drone  
  15  0:34  Drone  
  15  0:35  Drone  
  17  0:46  Drone  
  18  0:56  Hatchery  
  17  1:11  Spawning Pool  
  16  1:21  Drone x2  
  16  1:22  Extractor  
  17  1:27  Drone  
  18  1:38  Overlord  
  19  1:54  Drone x2  
  19  2:00  Queen  
  22  2:18  Queen  
  22  2:21  Drone x2  
  26  2:30  Drone x2  
  26  2:31  Drone x2  
  26  2:36  Metabolic Boost  
  30  2:55  Hatchery  
  29  3:01  Queen  
  31  3:10  Drone x3  
  34  3:15  Spore Crawler  
  33  3:24  Spore Crawler  
  33  3:25  Drone  
  33  3:27  Drone, Roach Warren  
  31  3:49  Drone  
  31  3:50  Drone x4  
  31  3:53  Lair  
  36  4:11  Drone x3, Extractor  
  36  4:12  Drone, Baneling Nest  
  36  4:16  Extractor, Overlord x2  
  37  4:17  Extractor  
  37  4:19  Overlord  
  36  4:28  Spore Crawler  
  35  4:42  Zergling x10  
  35  4:43  Zergling x4  
  41  4:59  Zergling x8  
  42  5:15  Hydralisk Den  
  42  5:20  Evolution Chamber  
  40  5:22  Drone  
  40  5:23  Evolution Chamber  
  40  5:25  Drone  
  40  5:26  Evolution Chamber  
  40  5:51  Glial Reconstitution  
  40  5:53  Drone x2  
  40  5:54  Drone  
  40  5:55  Drone x4  
  47  6:14  Overlord x3  
  47  6:24  Hydralisk x2  
  51  6:28  Hydralisk  
  53  6:40  Drone x3  
  53  6:42  Drone x3  
  53  6:46  Overlord  
  59  6:53  Hydralisk x2  
  63  7:06  Drone  
  63  7:07  Drone x5  
  69  7:11  Drone  
  69  7:12  Drone  
  69  7:13  Drone  
  69  7:15  Drone  
  73  7:20  Grooved Spines  
  73  7:25  Hydralisk  
  73  7:29  Hydralisk x2  
  79  7:33  Hydralisk  
  79  7:36  Drone  
  82  7:39  Overlord x2  
  82  7:42  Overlord  
  82  7:54  Zerg Melee Weapons Level 1  
  82  7:55  Zerg Missile Weapons Level 1, Zerg Ground Armor Level 1  
  82  7:59  Drone x3  
  82  8:01  Drone  
  86  8:06  Drone  
  86  8:07  Drone x5  
  86  8:08  Drone  
  86  8:09  Drone  
  86  8:11  Extractor  
  93  8:13  Drone x2  
  93  8:14  Drone  
  93  8:15  Extractor  
  93  8:16  Drone  
  93  8:18  Drone  
  93  8:19  Drone  
  98  8:26  Overlord x2  
  98  8:28  Overlord  
  98  8:31  Overlord  
  95  8:52  Drone  
  96  8:59  Hydralisk x4  
  96  9:00  Hatchery, Hydralisk x2  
  103  9:12  Hydralisk x2  
  103  9:13  Hydralisk x3  
  103  9:14  Hydralisk  
  103  9:17  Hydralisk  
  114  9:24  Drone x2  
  118  9:29  Spine Crawler  
  118  9:30  Spine Crawler  
  116  9:39  Drone x4  
  116  9:41  Drone x9  
  116  9:43  Overlord  
  129  9:49  Overlord x2  
  129  9:51  Overseer x2  
  129  9:53  Pneumatized Carapace  
  129  9:57  Zerg Melee Weapons Level 2  
  129  10:01  Zerg Missile Weapons Level 2  
  129  10:07  Extractor  
  128  10:09  Extractor  
  128  10:12  Drone x3, Spore Crawler  
  128  10:13  Drone x3  
  132  10:14  Drone x2  
  134  10:21  Zerg Ground Armor Level 2  
  134  10:23  Muscular Augments  
  134  10:24  Centrifical Hooks  
  134  10:32  Drone  
  135  10:55  Hatchery  
  134  11:02  Hydralisk  
  134  11:03  Hydralisk x9  
  134  11:04  Hydralisk x2  
  153  11:18  Zergling x10  
  114  11:19  Zergling x16  
  120  11:28  Roach x2  
  120  11:32  Tunneling Claws  
  122  11:34  Roach x2  
  122  11:35  Roach x7  
  138  11:44  Baneling  
  138  11:45  Baneling x9  
  138  11:46  Hydralisk, Baneling x2  
  138  11:47  Hydralisk x2  
  131  12:10  Hydralisk  
  131  12:11  Hydralisk x5  
  143  12:18  Drone  
  144  12:25  Infestation Pit  
  143  12:31  Extractor, Spore Crawler  
  143  12:32  Extractor  
  143  12:34  Spine Crawler  
  143  12:36  Spine Crawler  
  143  12:37  Hydralisk x3  
  138  12:43  Hatchery  
  142  12:54  Zergling x2  
  131  13:16  Hive  
  131  13:21  Lurker Den  
  131  13:23  Burrow  
  130  13:27  Queen  
  130  13:31  Baneling x2  
  130  13:32  Drone x3  
  130  13:33  Drone x6  
  130  13:34  Drone x2  
  143  13:35  Overlord x2  
  143  13:36  Overlord x7  
  143  13:37  Overlord x3  
  136  13:54  Drone x2  
  134  13:58  Drone x2  
  134  14:02  Drone  
  137  14:04  Spine Crawler  
  137  14:05  Extractor x2, Spore Crawler  
  137  14:07  Spine Crawler  
  137  14:08  Spine Crawler x2  
  137  14:09  Spine Crawler  
  129  14:13  Spine Crawler  
  128  14:19  Drone  
  128  14:20  Drone x2  
  131  14:33  Drone x2  
  131  14:34  Drone x8  
  131  14:35  Drone x2  
  143  14:39  Ultralisk Cavern  
  143  14:42  Adrenal Glands  
  142  14:46  Drone x3  
  142  14:47  Drone  
  142  14:48  Drone x2  
  142  14:49  Drone x3  
  142  14:50  Roach x2  
  142  14:51  Roach  
  157  14:57  Lurker x4  
  157  14:58  Lurker x11  
  157  14:59  Lurker  
  119  15:18  Roach  
  119  15:19  Roach x11  
  119  15:20  Roach x3  
  138  15:26  Roach  
  124  15:36  Ultralisk x3  
  131  15:43  Zergling x6  
  131  15:44  Zergling x4  
  122  15:55  Ultralisk  
  116  15:59  Extractor  
  116  16:00  Hatchery  
  108  16:04  Extractor  
  108  16:11  Ultralisk x3  
  123  16:28  Hydralisk  
  125  16:42  Hydralisk x2  
  125  16:43  Hydralisk  
Show
View Real Time Build Order
Export as new Build Order

warchief Protoss - Winner!

Build Orders: 1 Gate Expand, Zealot Archon 

Get SALT Encoding   

  12  0:01  Probe  
  13  0:15  Probe  
  13  0:19  Pylon  
  14  0:27  Probe  
  15  0:41  Gateway, Probe  
  15  0:49  Probe  
  17  1:02  Pylon  
  17  1:09  Assimilator  
  17  1:24  Probe  
  18  1:37  Nexus  
  17  1:45  Cybernetics Core  
  17  1:52  Pylon  
  17  1:58  Probe  
  17  2:05  Assimilator  
  17  2:07  Probe  
  18  2:12  Gateway  
  19  2:16  Adept  
  19  2:17  Probe  
  20  2:29  Probe  
  23  2:41  Probe  
  24  2:51  Gateway  
  24  2:53  Warp Gate, Probe  
  25  3:01  Adept  
  27  3:06  Probe  
  27  3:08  Probe  
  27  3:12  Adept  
  31  3:15  Probe  
  31  3:17  Probe  
  33  3:27  Stargate  
  33  3:31  Shield Battery  
  31  4:02  Robotics Facility  
  31  4:04  Stalker  
  31  4:05  Pylon  
  31  4:08  Probe x2  
  35  4:10  Pylon  
  35  4:11  Assimilator  
  35  4:16  Pylon  
  35  4:20  Probe  
  35  4:21  Probe  
  37  4:26  Void Ray  
  41  4:32  Probe  
  42  4:40  Probe  
  42  4:44  Probe  
  44  4:52  Probe  
  41  5:18  Immortal  
  45  5:22  Twilight Council  
  45  5:29  Adept x2  
  45  5:30  Adept  
  51  5:44  Nexus  
  51  5:45  Probe x2  
  51  5:49  Pylon  
  53  5:50  Pylon  
  53  5:51  Pylon  
  52  5:57  Probe x2  
  54  6:13  Nexus, Adept x3  
  54  6:14  Pylon  
  54  6:17  Pylon, Warp Prism  
  62  6:20  Charge  
  62  6:25  Templar Archives  
  62  6:30  Assimilator  
  62  6:37  Pylon  
  62  6:39  Pylon  
  62  6:57  Gateway  
  62  6:58  Gateway  
  62  7:00  Gateway  
  62  7:02  Gateway  
  62  7:19  High Templar  
  62  7:20  High Templar  
  66  7:26  Probe x3  
  66  7:28  Archon  
  69  7:34  Immortal  
  73  7:38  Probe  
  73  7:42  Robotics Facility  
  74  7:44  Forge  
  74  7:46  Forge, High Templar  
  76  8:06  High Templar  
  76  8:09  Probe x2  
  76  8:10  Pylon, Probe  
  76  8:12  Pylon  
  81  8:14  Assimilator  
  81  8:18  Assimilator  
  81  8:20  Shield Battery, Archon  
  81  8:21  Probe x2  
  81  8:22  Probe  
  81  8:23  Shield Battery, Zealot x3  
  81  8:25  Gateway, Zealot  
  92  8:29  Gateway  
  86  8:50  Psionic Storm  
  86  8:53  Immortal  
  86  8:55  Zealot x6  
  90  9:20  Zealot  
  90  9:21  Zealot x2  
  96  9:38  High Templar x3  
  100  9:39  Zealot x2  
  106  9:47  Protoss Ground Weapons Level 1  
  106  9:55  Probe x2  
  106  9:56  Probe  
  109  10:01  Zealot x2  
  109  10:02  Zealot x3  
  109  10:04  Zealot  
  121  10:07  Warp Prism  
  121  10:13  Immortal  
  127  10:23  Robotics Bay  
  127  10:26  Pylon  
  127  10:29  Pylon, High Templar x2  
  127  10:30  Zealot  
  127  10:31  Pylon, Zealot x2  
  137  10:58  Nexus  
  127  11:17  Archon  
  113  11:32  Zealot x2  
  111  11:33  Zealot x2  
  117  11:41  High Templar  
  117  11:42  High Templar x2, Stalker  
  117  11:43  Stalker  
  127  11:50  Immortal x2  
  135  11:56  Pylon  
  135  11:58  Pylon  
  135  11:59  Fleet Beacon  
  105  12:17  Zealot x2  
  105  12:18  Zealot  
  105  12:19  High Templar x2  
  105  12:21  Zealot x4  
  123  12:28  Extended Thermal Lance, Colossus  
  123  12:29  Colossus  
  135  12:32  Photon Cannon  
  135  12:35  Pylon  
  118  13:10  Zealot  
  118  13:11  Zealot x3  
  120  13:14  Zealot x3  
  120  13:15  Zealot x2  
  130  13:29  Graviton Catapult  
  130  13:33  Nexus  
  130  13:35  Pylon  
  130  13:37  Pylon  
  130  13:40  High Templar x4  
  130  13:41  High Templar x3  
  138  13:59  Colossus  
  140  14:04  Immortal  
  144  14:19  Zealot x2  
  144  14:20  Zealot x4  
  144  14:21  Zealot  
  144  14:22  Zealot x2  
  162  14:33  Gateway  
  162  14:34  Gateway  
  162  14:44  Observer  
  163  14:46  Sentry x3  
  163  14:47  Zealot x2  
  173  14:53  Observer  
  156  15:31  Zealot x5  
  156  15:32  Zealot x2  
  150  16:24  Probe  
  150  16:25  Probe x3  
  154  16:31  Zealot x5  
  164  16:36  Probe  
Tags
 
Add a new tag
Caveats
  • Supply blocks, unpowered buildings, or Contaminate may cause inaccurate times.
  • Supply counts are checked every 10 seconds.